 Dungeon Crawl Stone Soup version 0.21-a0-426-g98080a9 (webtiles) character file.

14 varam the Cutter (level 2, 0/20 HPs)
             Began as a Halfling Abyssal Knight on Nov 6, 2017.
             Was an Initiate of Lugonu.
             Slain by a shadow imp (3 damage)
             ... on level 2 of the Dungeon.
             The game lasted 00:06:16 (1251 turns).

varam the Cutter (Halfling Abyssal Knight)          Turns: 1251, Time: 00:06:17

Health: 0/20       AC:  2    Str: 13    XL:     2   Next: 60%
Magic:  3/3        EV: 14    Int: 10    God:    Lugonu [......]
Gold:   69         SH:  0    Dex: 13    Spells: 1/1 levels left

rFire    . . .     SeeInvis .   a - +1 short sword
rCold    . . .     Gourm    .   (shield restricted)
rNeg     . . .     Faith    .   h - +0 robe (curse)
rPois    .         Spirit   .   (no helmet)
rElec    .         Reflect  .   (no cloak)
rCorr    .         Harm     .   (no gloves)
MR       .....                  (no boots)
Stlth    ++........             (no amulet)
HPRegen  0.06/turn              (no ring)
MPRegen  0.08/turn              (no ring)

@: no status effects
A: mutation resistance 1
a: Renounce Religion


You were on level 2 of the Dungeon.
You worshipped Lugonu.
Lugonu was noncommittal.
You were not hungry.

You visited 1 branch of the dungeon, and saw 2 of its levels.
You visited the Abyss 1 time.

You collected 69 gold pieces.

Inventory:

Hand Weapons
 a - a +1 short sword (weapon)
 e - a +0 hunting sling
Missiles
 g - 22 stones (quivered)
Armour
 b - a +0 leather armour
 h - a cursed +0 robe (worn)
Jewellery
 k - an uncursed ring of ice {unknown}
Scrolls
 f - 2 scrolls of blinking {unknown}
Potions
 d - a potion of lignification {unknown}
 i - a potion of curing {unknown}
Comestibles
 c - a bread ration
 j - 3 fruits


   Skills:
 - Level 2.6 Fighting
 + Level 2.9 Short Blades
 + Level 0.4 Slings
 - Level 2.1 Armour
 - Level 1.1 Dodging
 + Level 1.2 Stealth
 + Level 2.4 Invocations


You had one spell level left.
You didn't know any spells.

Dungeon Overview and Level Annotations

Branches:
Dungeon (2/15)

Altars:
Makhleb
Vehumet


Innate Abilities, Weirdness & Mutations

You are small and have problems with some larger weapons.
You are somewhat resistant to further mutation.


Message History

The shadow imp is lightly wounded.
The shadow imp grins evilly.
The shadow imp barely misses you.
You hit the shadow imp but do no damage.
The shadow imp is lightly wounded.
You closely miss the shadow imp.
The shadow imp is lightly wounded.
The shadow imp closely misses you.
You hit the shadow imp.
The shadow imp is moderately wounded.
The shadow imp misses you.
You hit the shadow imp.
The shadow imp is severely wounded.
The shadow imp hits you.
* * * LOW HITPOINT WARNING * * *
The shadow imp closely misses you.
You hit the shadow imp but do no damage.
The shadow imp is severely wounded.
The shadow imp hits you.
You die...

#.........#########
#..................
######..........########
#...............#
####.###....)......#
...................#
####.####..........#######
........................>#
#.#######.......@5.#####.#
#.# #..........##### #+##
####+#####.....# .... ##.
#####.# .... ...5 #.# ....
..... #.# ....
......######.# ....
.............# ....
......########


You could see a shadow imp.

Vanquished Creatures
  A worm (D:2)
  A dart slug (D:1)
  3 goblins (D:1)
  A hobgoblin (D:1)
  2 bats
  2 frilled lizards (D:1)
10 creatures vanquished.

Notes
Turn   | Place    | Note
-------+----------+-------------------------------------------
     0 | Abyss:1  | varam the Halfling Abyssal Knight began the quest for the Orb.
     0 | Abyss:1  | Reached XP level 1. HP: 15/15 MP: 2/2
    90 | Abyss:1  | Noticed a thrashing horror
    92 | Abyss:1  | HP: 1/15 [thrashing horror (14)]
    93 | D:1      | Escaped the Abyss
   647 | D:1      | Reached skill level 1 in Stealth
   647 | D:1      | Reached XP level 2. HP: 20/20 MP: 3/3
  1084 | D:2      | Found a radiant altar of Vehumet.
  1084 | D:2      | Found a burning altar of Makhleb.
  1251 | D:2      | Slain by a shadow imp

Vault maps used:
D:1:      giann_bridges
D:2:      gammafunk_temple_overflow_elements

Skill      XL: |  1 |
---------------+----+-----
Stealth        | 1 |  1.2
Fighting       | |  2.6
Short Blades   | |  2.9
Slings         | |  0.4
Armour         | |  2.1
Dodging        | |  1.1
Invocations    | |  2.4

Action                   || total
-------------------------++-------
Melee: Short sword       ||    50
Invok: Depart the Abyss  ||     1
  Eat: Chunk             ||     1
Armor: Leather armour    ||     5
       Robe              ||     3
Dodge: Dodged            ||    33

Table legend:
 A = Spawn XP
 B = Non-spawn XP
 C = Spawn XP percentage of total XP
 D = Spawn monster count
 E = Non-spawn monster count
 F = Spawn count percentage of total count
 G = Total turns spent on level
                    A         B        C        D         E        F      G
               +---------+---------+-------+---------+---------+-------+---------
         Total |       0 |      21 |   0.0 |       0 |      10 |   0.0 |  1251
               +---------+---------+-------+---------+---------+-------+---------
           D:1 |       0 |      14 |   0.0 |       0 |       8 |   0.0 |   830
           D:2 |       0 |       7 |   0.0 |       0 |       2 |   0.0 |   328
               +---------+---------+-------+---------+---------+-------+---------
